[Event "Early-Titled-Tuesday-Blitz-July-09-2024"]
[Site "Chess.com"]
[Date "2024.07.09"]
[Round "2"]
[White "ozates"]
[Black "glebus008"]
[Result "1-0"]
[WhiteElo "2604"]
[BlackElo "2383"]
[TimeControl "180+1"]
[EndTime "8:14:07 PDT"]
[Termination "ozates won by checkmate"]

1. e4 Nc6 2. Nf3 d5 3. exd5 Qxd5 4. Nc3 Qh5 5. Nb5 Kd8 6. h3 Bg4 7. hxg4 Qxh1 8. d4 e6 9. d5 exd5 10. Qxd5+ Bd6 11. Nxd6 cxd6 12. Qxd6+ Kc8 13. Bf4 Nge7 14. Qc7# 1-0

[Event "Early-Titled-Tuesday-Blitz-July-09-2024"]
[Site "Chess.com"]
[Date "2024.07.09"]
[Round "2"]
[White "EvilMorty23"]
[Black "Lion-Al-Messi"]
[Result "0-1"]
[WhiteElo "2398"]
[BlackElo "2658"]
[TimeControl "180+1"]
[EndTime "8:14:11 PDT"]
[Termination "Lion-Al-Messi won by checkmate"]

1. e4 e6 2. d4 d5 3. Nd2 c5 4.
Ngf3 cxd4 5. exd5 Qxd5 6. Bc4 Qd6 7. O-O Nf6 8. Nb3 Nc6 9. Nbxd4 Nxd4 10. Nxd4 Be7 11.
Re1 O-O 12. Bg5 Qc5 13. Nxe6 fxe6 14. Bxf6 Bxf6 15. Bb3 Bxb2 16. Rb1 Qxf2+ 17. Kh1 Bc3 18. Re2 Qf6 19. h3 Kh8 20. Qd3 Be5 21. Re3 Bf4 22. Rf1 e5 23. g3 Bxh3 24. gxf4 Bxf1 25.
Qxf1 exf4 26. Rh3 Qc6+ 27. Kh2 Rad8 28. Qe2 f3 29. Qf2 Qd6+ 30. Kh1 Qf4 31. Rh4 Rd1+ 32. Qg1 Qxh4# 0-1

[Event "Early-Titled-Tuesday-Blitz-July-09-2024"]
[Site "Chess.com"]
[Date "2024.07.09"]
[Round "2"]
[White "rhungaski"]
[Black "Prizant_academy"]
[Result "0-1"]
[WhiteElo "2666"]
[BlackElo "3026"]
[TimeControl "180+1"]
[EndTime "8:14:13 PDT"]
[Termination "Prizant_academy won by resignation"]

1. Nf3 d5 2. g3 Nf6 3. Bg2 c5 4. O-O e6 5. d3 Nc6 6. Nbd2 g6 7. e4 Bg7 8. Re1 O-O 9. c3 a5 10. exd5 Nxd5 11. a4 b6 12. Nc4 Bb7 13. Nfe5 Qc7 14.
Qe2 Rad8 15. Bg5 Rc8 16. Ra3 Nxe5 17. Nxe5 Qxe5 18. Qxe5 Bxe5 19. Rxe5 f6 20. Bh6 fxe5 21. Bxf8 Kxf8 22. c4 Rd8 23. cxd5 Bxd5 24. Be4 Bxe4 25.
dxe4 Rd4 26. Rb3 Rb4 27. Rxb4 axb4 28. Kf1 c4 29. Ke2 Ke7 30. f4 Kd6 31. Ke3 exf4+ 32. gxf4 Kc5 33. h3 b3 34. h4 c3 0-1

[Event "Early-Titled-Tuesday-Blitz-July-09-2024"]
[Site "Chess.com"]
[Date "2024.07.09"]
[Round "2"]
[White "IlanSchnaider"]
[Black "vladjianu"]
[Result "1-0"]
[WhiteElo "2840"]
[BlackElo "2576"]
[TimeControl "180+1"]
[EndTime "8:14:14 PDT"]
[Termination "IlanSchnaider won by resignation"]

1. e4 c6 2. Nf3 d5 3. Nc3 dxe4 4. Nxe4 Nf6 5. Qe2 Nxe4 6. Qxe4 Nd7 7. Bc4 Nf6 8. Ne5 e6 9. Qf4 Bd6 10. d4 O-O 11. O-O c5 12. c3 Qc7 13.
Re1 cxd4 14. cxd4 b6 15. Bd3 Bb7 16. Qh4 Rad8 17. Bg5 Rfe8 18. Bxf6 gxf6 19. Qxh7+ Kf8 20. Rac1 Bxe5 21. dxe5 Qxc1 22. Rxc1 fxe5 23. Rc7 1-0

[Event "Early-Titled-Tuesday-Blitz-July-09-2024"]
[Site "Chess.com"]
[Date "2024.07.09"]
[Round "2"]
[White "BelyakovBogdan"]
[Black "Defenstrator"]
[Result "0-1"]
[WhiteElo "2639"]
[BlackElo "2411"]
[TimeControl "180+1"]
[EndTime "8:14:15 PDT"]
[Termination "Defenstrator won by checkmate"]

1. e4 c6 2. d4 d5 3. exd5 cxd5 4.
Bd3 Nc6 5. c3 e5 6. dxe5 Nxe5 7.
Nf3 Nxd3+ 8. Qxd3 Nf6 9. O-O Be7 10. Be3 O-O 11. Nbd2 Be6 12. Bd4 Qc7 13. Rfe1 Rad8 14. Ng5 g6 15. Rxe6 Ng4 16. Ndf3 Bxg5 17. Re2 Rfe8 18.
Rae1 Rxe2 19. Qxe2 Bf6 20. h3 Bxd4 21. Nxd4 Qh2+ 22. Kf1 Qh1# 0-1

[Event "Early-Titled-Tuesday-Blitz-July-09-2024"]
[Site "Chess.com"]
[Date "2024.07.09"]
[Round "2"]
[White "forevery0ung"]
[Black "zsizsi99"]
[Result "1-0"]
[WhiteElo "2777"]
[BlackElo "2547"]
[TimeControl "180+1"]
[EndTime "8:14:18 PDT"]
[Termination "forevery0ung won by resignation"]

1. c4 c5 2. Nf3 Nc6 3. Nc3 g6 4.
g3 Bg7 5. h4 h6 6. Bg2 e5 7. d3 Nge7 8. Be3 d6 9. Qc1 Be6 10. Rb1 a5 11. O-O Qd7 12. Rd1 Nf5 13. Bd2 O-O 14. e4 Nfd4 15. Nxd4 cxd4 16. Nd5 Bxd5 17.
cxd5 Nb4 18. Qc4 Rfc8 19. Qb3 Na6 20. Bxa5 Nc5 21. Qb4 b6 22. Bxb6 Ra3 23. bxa3 1-0

[Event "Early-Titled-Tuesday-Blitz-July-09-2024"]
[Site "Chess.com"]
[Date "2024.07.09"]
[Round "2"]
[White "jlf287"]
[Black "Knightmare1014"]
[Result "1-0"]
[WhiteElo "2481"]
[BlackElo "2243"]
[TimeControl "180+1"]
[EndTime "8:14:32 PDT"]
[Termination "jlf287 won by resignation"]

1. e4 c5 2. Nf3 e6 3. c3 d5 4.
exd5 Qxd5 5. d4 Nf6 6. Na3 cxd4 7.
Nb5 Na6 8. Nbxd4 e5 9. Nb5 Qxd1+ 10. Kxd1 Ne4 11. Be3 f6 12. Bd3 Nd6 13. Nxa7 e4 14.
Nxc8 Rxc8 15. Bxa6 exf3 16. Bf1 Nc4 17. Bxc4 fxg2 18.
Bb5+ Kf7 19. Rg1 Rd8+ 20. Kc2 g5 21. a4 h6 22. a5 f5 23. Bc4+ Kg6 24. a6 bxa6 25.
Rxa6+ Rd6 26. Ra7 f4 27. Bd4 Rd5 28. Bxd5 1-0

[Event "Early-Titled-Tuesday-Blitz-July-09-2024"]
[Site "Chess.com"]
[Date "2024.07.09"]
[Round "2"]
[White "yonaltimur"]
[Black "DFeco"]
[Result "1-0"]
[WhiteElo "2249"]
[BlackElo "2462"]
[TimeControl "180+1"]
[EndTime "8:14:33 PDT"]
[Termination "yonaltimur won by resignation"]

1. e4 e5 2. Nf3 Nc6 3. Bb5 g6 4. O-O Bg7 5. c3 a6 6. Ba4 d6 7. d4 Bd7 8. Bg5 f6 9. Be3 Nh6 10. Nbd2 Nf7 11. Ne1 O-O 12. f4 exd4 13. cxd4 f5 14.
e5 dxe5 15. dxe5 Qe7 16. Nd3 b6 17. Rc1 Ncd8 18. Bb3 c5 19. Nc4 Rb8 20. Nxb6 Nb7 21. Nxd7 Qxd7 22. e6 1-0

[Event "Early-Titled-Tuesday-Blitz-July-09-2024"]
[Site "Chess.com"]
[Date "2024.07.09"]
[Round "2"]
[White "Emp3rador"]
[Black "Alexander_Donchenko"]
[Result "0-1"]
[WhiteElo "2613"]
[BlackElo "2911"]
[TimeControl "180+1"]
[EndTime "8:14:43 PDT"]
[Termination "Alexander_Donchenko won by resignation"]

1. e4 c6 2. d4 d5 3. Nc3 dxe4 4. Nxe4 Nf6 5. Nxf6+ exf6 6. Bc4 Bd6 7. Qe2+ Qe7 8. Qxe7+ Kxe7 9. Nf3 Rd8 10. O-O Be6 11.
Re1 Nd7 12. Bxe6 fxe6 13. Kf1 a5 14. a4 Nb6 15. b3 Kf7 16. c4 Bb4 17. Re2 Bc3 18.
Rb1 Nc8 19. Bb2 Bxb2 20. Rbxb2 Ne7 21. Red2 h5 22. Ke2 Nf5 23. Rd3 Rd6 24. Rbd2 Rad8 25.
Rd1 g5 26. d5 cxd5 27. cxd5 Rxd5 28. Rxd5 Rxd5 29. Rxd5 exd5 30. Kd3 Ke6 31. h3 Kd6 32. g4 hxg4 33. hxg4 Nh6 34. Nh2 Kc5 35. f3 Kb4 36. Kc2 Nf7 37. Nf1 Ne5 38. Ne3 Kc5 39.
Nf5 Nxf3 0-1

[Event "Early-Titled-Tuesday-Blitz-July-09-2024"]
[Site "Chess.com"]
[Date "2024.07.09"]
[Round "2"]
[White "malakismayil"]
[Black "Marielchessy"]
[Result "1-0"]
[WhiteElo "2531"]
[BlackElo "2323"]
[TimeControl "180+1"]
[EndTime "8:14:45 PDT"]
[Termination "malakismayil won by resignation"]

1. e4 c5 2. Nf3 d6 3. Bb5+ Bd7 4.
Bxd7+ Qxd7 5. O-O Nc6 6. c4 g6 7.
d4 cxd4 8. Nxd4 Bg7 9. Be3 Nf6 10. f3 O-O 11. Nc3 Rfc8 12. b3 Qd8 13. Rc1 Qa5 14.
Qd2 Qh5 15. Rfd1 Ne5 16. Nde2 a6 17. Nf4 Nxf3+ 18. gxf3 Qxf3 19. Rf1 Qg4+ 20. Qg2 Qd7 21. Ncd5 Ng4 22. Qg3 Nxe3 23. Qxe3 Qd8 24. Nb6 Rab8 25. Nxc8 Rxc8 26. Nd5 e6 27. Nf4 Qa5 28. Qe2 Bh6 29. Rcd1 Rc5 30. Kh1 b5 31. b4 Qxb4 32. Nd3 Qxc4 33. Rc1 Bxc1 34. Rxc1 1-0

[Event "Early-Titled-Tuesday-Blitz-July-09-2024"]
[Site "Chess.com"]
[Date "2024.07.09"]
[Round "2"]
[White "Witik"]
[Black "klercaku"]
[Result "1-0"]
[WhiteElo "2686"]
[BlackElo "2392"]
[TimeControl "180+1"]
[EndTime "8:14:55 PDT"]
[Termination "Witik won by resignation"]

1. d4 d5 2. Bf4 e6 3. e3 c5 4. c3 Nf6 5. Nd2 Nc6 6. Bd3 cxd4 7. exd4 Be7 8. Ngf3 a6 9. O-O Nh5 10. Be3 Nf6 11.
h3 b5 12. Bf4 Qb6 13. Re1 O-O 14. Ne5 a5 15. Ndf3 b4 16. Rc1 Ba6 17. Bb1 bxc3 18. Rxc3 Nxe5 19. dxe5 Nd7 20. Be3 Qb7 21. Qc2 Rfc8 22.
Qxh7+ 1-0

[Event "Early-Titled-Tuesday-Blitz-July-09-2024"]
[Site "Chess.com"]
[Date "2024.07.09"]
[Round "2"]
[White "el008"]
[Black "Shivananda1964"]
[Result "1-0"]
[WhiteElo "2549"]
[BlackElo "2356"]
[TimeControl "180+1"]
[EndTime "8:14:57 PDT"]
[Termination "el008 won on time"]

1. e4 Nc6 2. b3 e6 3. Bb2 d5 4. exd5 exd5 5. Nf3 Nf6 6. Bb5 Be7 7. O-O O-O 8. Bxc6 bxc6 9. Ne5 Bb7 10. Nc3 c5 11. Na4 d4 12. d3 Qd5 13. Nf3 Qh5 14. Nd2 Qg6 15. f3 Nd5 16. Nc4 Nf4 17. Qd2 Bg5 18. Kh1 Rae8 19. Rae1 Qh5 20. Qf2 Bh4 21. Rxe8 Rxe8 22.
Qg1 Ne2 23. g4 Nxg1 24. gxh5 Nxf3 25. Nxc5 Bc6 26. Na5 Bd5 27. Ne4 Rxe4 28. dxe4 Bxe4 29. Rd1 Ng5+ 30. Kg1 Nh3+ 31. Kf1 1-0

[Event "Early-Titled-Tuesday-Blitz-July-09-2024"]
[Site "Chess.com"]
[Date "2024.07.09"]
[Round "2"]
[White "Gnechko_Ruslan"]
[Black "JJDAREK"]
[Result "1-0"]
[WhiteElo "2536"]
[BlackElo "2334"]
[TimeControl "180+1"]
[EndTime "8:15:03 PDT"]
[Termination "Gnechko_Ruslan won by resignation"]

1. d4 d6 2. c4 e5 3. e3 exd4 4. exd4 g6 5. Nc3 Bg7 6. h3 Nc6 7. Nf3 Nge7 8. Be2 O-O 9. O-O Re8 10. Re1 h6 11. d5 Ne5 12. Nd4 c5 13. dxc6 N5xc6 14. Ndb5 Nf5 15. Nd5 Nfd4 16. Nbc7 Rxe2 17. Rxe2 Nxe2+ 18. Qxe2 Rb8 19. Bf4 g5 20. Bg3 Ne5 21. Rd1 Bf5 22.
c5 Rc8 23. cxd6 Qxd6 24. Nb5 Qe6 25. Nd4 Qd7 26. Nxf5 Qxf5 27. Ne7+ 1-0

[Event "Early-Titled-Tuesday-Blitz-July-09-2024"]
[Site "Chess.com"]
[Date "2024.07.09"]
[Round "2"]
[White "champ2005"]
[Black "myburger"]
[Result "1-0"]
[WhiteElo "3048"]
[BlackElo "2537"]
[TimeControl "180+1"]
[EndTime "8:15:04 PDT"]
[Termination "champ2005 won by resignation"]

1. d4 Nf6 2. Nf3 g6 3. c3 Bg7 4. Bf4 O-O 5. e3 d6 6. h3 Nbd7 7. Bh2 Re8 8. a4 c6 9. a5 b5 10. axb6 Qxb6 11. Qc2 a5 12. Nbd2 Ba6 13. Bxa6 Qxa6 14.
c4 e5 15. O-O e4 16. Ne1 d5 17. b3 Qb6 18. c5 Qb5 19. Ra4 Nb8 20. Qc3 Nbd7 21. Nc2 Qd3 22. Qxd3 exd3 23. Ne1 Ne4 24. Nb1 Nexc5 25. dxc5 Nxc5 26. Ra3 Be5 27. Bxe5 Rxe5 28. Nd2 Re4 29. Nef3 Rb4 30. Rc1 Ne4 31. Rxc6 a4 32.
bxa4 Rb2 33. Rxd3 1-0

[Event "Early-Titled-Tuesday-Blitz-July-09-2024"]
[Site "Chess.com"]
[Date "2024.07.09"]
[Round "2"]
[White "johnmez"]
[Black "ploxoi"]
[Result "0-1"]
[WhiteElo "2246"]
[BlackElo "2481"]
[TimeControl "180+1"]
[EndTime "8:15:04 PDT"]
[Termination "ploxoi won by resignation"]

1. d4 e6 2. c4 d5 3. Nc3 c6 4. Nf3 dxc4 5. e4 b5 6. a4 Bb4 7.
Be2 Nf6 8. e5 Ne4 9. Qc2 Nxc3 10. bxc3 Be7 11. O-O a6 12. Ba3 O-O 13. Bxe7 Qxe7 14.
Nd2 Nd7 15. Ne4 Nb6 16. Nd6 Rd8 17. f4 Rxd6 18. exd6 Qxd6 19. axb5 cxb5 20. Qe4 Nd5 21. f5 Rb8 22. fxe6 Bxe6 23. Rac1 a5 24. Qe5 Qxe5 25.
dxe5 Rc8 26. Bf3 b4 27. cxb4 axb4 28. Bxd5 Bxd5 29. Rfd1 Be6 30. Rd4 b3 31. Rc3 Ra8 0-1

[Event "Early-Titled-Tuesday-Blitz-July-09-2024"]
[Site "Chess.com"]
[Date "2024.07.09"]
[Round "2"]
[White "baki83"]
[Black "maracayo"]
[Result "1-0"]
[WhiteElo "2810"]
[BlackElo "2412"]
[TimeControl "180+1"]
[EndTime "8:15:06 PDT"]
[Termination "baki83 won on time"]

1. e4 d6 2. d4 Nf6 3. Nc3 c6 4.
h3 Qa5 5. Bd2 e5 6. Nd5 Qd8 7.
Nxf6+ Qxf6 8. dxe5 dxe5 9. Nf3 h6 10. Bc3 Bd6 11. Bc4 O-O 12. a4 Nd7 13. Qe2 a5 14.
Rg1 Bb4 15. g4 Bxc3+ 16. bxc3 Qf4 17. g5 hxg5 18. Rg4 Qf6 19. Rxg5 Nb6 20. Bd3 Qf4 21. Rh5 Be6 22. Rh4 Qf6 23. O-O-O Qe7 24. Rg1 Nxa4 25. Qe3 Qa3+ 26. Kd2 f6 27. Qh6 1-0

[Event "Early-Titled-Tuesday-Blitz-July-09-2024"]
[Site "Chess.com"]
[Date "2024.07.09"]
[Round "2"]
[White "Kombinator01"]
[Black "Shankland"]
[Result "0-1"]
[WhiteElo "2416"]
[BlackElo "2874"]
[TimeControl "180+1"]
[EndTime "8:15:07 PDT"]
[Termination "Shankland won by resignation"]

1. d4 d5 2. Bf4 c5 3. e3 Nc6 4.
Nf3 Nf6 5. Nbd2 Qb6 6. dxc5 Qxb2 7. Rb1 Qc3 8. Bb5 g6 9. O-O Bg7 10. Be5 Qxc5 11. c4 O-O 12. Nb3 Qb6 13. Bxc6 Qxc6 14. Bxf6 Qxf6 15. cxd5 Bf5 16. Rc1 Rac8 17. Nbd4 Be4 18.
Qb3 Qb6 19. Qa3 Bxd5 20. Qxe7 Rxc1 21. Rxc1 Bxa2 22. h4 Bd5 23. h5 a5 24. Rc5 Bf6 25. Qc7 Qxc7 26. Rxc7 a4 27. Rc5 Bxf3 28. gxf3 Ra8 29.
Rc2 a3 30. Ra2 Bxd4 31. exd4 b5 0-1

[Event "Early-Titled-Tuesday-Blitz-July-09-2024"]
[Site "Chess.com"]
[Date "2024.07.09"]
[Round "2"]
[White "Karttunen"]
[Black "JEHUBNER"]
[Result "1-0"]
[WhiteElo "2686"]
[BlackElo "2019"]
[TimeControl "180+1"]
[EndTime "8:15:11 PDT"]
[Termination "Karttunen won by resignation"]

1. e4 c5 2. Nf3 Nc6 3. Bb5 g6 4. Bxc6 bxc6 5. O-O Bg7 6. Re1 Nf6 7. e5 Nd5 8. c4 Nc7 9. Nc3 O-O 10. Ne4 d6 11. d3 Bf5 12. exd6 exd6 13. Bg5 Qd7 14.
Nf6+ Bxf6 15. Bxf6 h6 16. Re7 Qc8 17. Qd2 Kh7 18.
Ng5+ Kg8 19. Ne6 Kh7 20. Nxf8+ Qxf8 21. Rxc7 Re8 22. Re1 Be6 23. Rxa7 d5 24. b3 Qd6 25.
g3 d4 26. Qf4 Qf8 27. h4 Ra8 28. Rxa8 Qxa8 29. Rxe6 1-0

[Event "Early-Titled-Tuesday-Blitz-July-09-2024"]
[Site "Chess.com"]
[Date "2024.07.09"]
[Round "2"]
[White "ilqar_74"]
[Black "Djager97"]
[Result "1-0"]
[WhiteElo "2904"]
[BlackElo "2611"]
[TimeControl "180+1"]
[EndTime "8:15:14 PDT"]
[Termination "ilqar_74 won by checkmate"]

1. e4 e5 2. Nf3 Nc6 3. Bb5 a6 4.
Ba4 Nf6 5. O-O Be7 6. d4 exd4 7. e5 Ne4 8. Nxd4 Nc5 9. Nf5 O-O 10. Qg4 g6 11. Bxc6 dxc6 12. Nxe7+ Qxe7 13. Qg3 Re8 14. Re1 Bf5 15. Nc3 Ne6 16. Ne2 Rad8 17.
Be3 Qb4 18. Nf4 Nxf4 19. Bxf4 Qxb2 20. Bg5 Qxc2 21. Qh4 Rd5 22. Qh6 f6 23. exf6 Rxe1+ 24. Rxe1 Kf7 25. Qg7# 1-0

[Event "Early-Titled-Tuesday-Blitz-July-09-2024"]
[Site "Chess.com"]
[Date "2024.07.09"]
[Round "2"]
[White "ACollins05"]
[Black "FMalexhdez"]
[Result "1-0"]
[WhiteElo "2494"]
[BlackElo "2274"]
[TimeControl "180+1"]
[EndTime "8:15:14 PDT"]
[Termination "ACollins05 won on time"]

1. d4 Nf6 2. c4 e6 3. Nf3 Bb4+ 4.
Nbd2 d5 5. g3 dxc4 6. Qc2 b5 7.
Bg2 Bb7 8. O-O O-O 9. a4 a6 10. b3 Bxd2 11. Bxd2 cxb3 12. Qxb3 Bd5 13. Qc2 c6 14. Rfc1 Nbd7 15. Bg5 h6 16. Bxf6 Nxf6 17. Ne5 Bxg2 18. Kxg2 Qxd4 19. Nxc6 Qd5+ 20. f3 Rfe8 21. axb5 Qxb5 22. Rcb1 Qf5 23. e4 Qh5 24. Rb6 Qg6 25. Rbxa6 Rxa6 26. Rxa6 Nh5 27. Ra8 Rxa8 28. Ne7+ Kh7 29. Nxg6 fxg6 30. e5 Rf8 31. Qc6 1-0

[Event "Early-Titled-Tuesday-Blitz-July-09-2024"]
[Site "Chess.com"]
[Date "2024.07.09"]
[Round "2"]
[White "Feegus"]
[Black "Sam_ChessMood"]
[Result "0-1"]
[WhiteElo "2624"]
[BlackElo "2926"]
[TimeControl "180+1"]
[EndTime "8:15:16 PDT"]
[Termination "Sam_ChessMood won by resignation"]

1. e4 e5 2. Nf3 Nc6 3. Nc3 Nf6 4. d4 exd4 5. Nxd4 Bb4 6. Nxc6 bxc6 7. Bd3 d5 8. Bd2 O-O 9. O-O Rb8 10. Re1 Re8 11.
h3 h6 12. a3 Bf8 13. Qf3 Rxb2 14. exd5 Rxe1+ 15. Rxe1 cxd5 16. Nb5 Ne4 17. Rxe4 dxe4 18. Qxe4 g6 19. Bc3 Rb1+ 20. Kh2 Bf5 21. Qc4 Bxd3 22. cxd3 Qd7 23. Nxa7 c5 24. Qe4 Qxa7 25. f4 Qc7 0-1

[Event "Early-Titled-Tuesday-Blitz-July-09-2024"]
[Site "Chess.com"]
[Date "2024.07.09"]
[Round "2"]
[White "SahibSinghKnight"]
[Black "tptagain"]
[Result "1/2-1/2"]
[WhiteElo "2677"]
[BlackElo "3060"]
[TimeControl "180+1"]
[EndTime "8:15:18 PDT"]
[Termination "Game drawn by repetition"]

1. e4 c6 2. d4 d5 3. Nc3 dxe4 4.
Nxe4 Nf6 5. Nxf6+ exf6 6. c3 Bd6 7. Bd3 O-O 8. Qc2 h5 9. Ne2 h4 10. h3 Na6 11. Be3 Nc7 12. c4 Re8 13. O-O Bd7 14.
Rad1 Ne6 15. a3 Rc8 16. d5 cxd5 17. Bh7+ Kf8 18. Rxd5 Bc6 19. Rh5 Bb8 20. Rxh4 Qd6 21. g3 Ng5 22. Rd1 Nf3+ 23. Kf1 Nh2+ 24. Kg1 Nf3+ 25.
Kf1 Nh2+ 26. Kg1 Nf3+ 1/2-1/2

[Event "Early-Titled-Tuesday-Blitz-July-09-2024"]
[Site "Chess.com"]
[Date "2024.07.09"]
[Round "2"]
[White "Zurability"]
[Black "TioCridineno"]
[Result "1-0"]
[WhiteElo "2700"]
[BlackElo "2404"]
[TimeControl "180+1"]
[EndTime "8:15:24 PDT"]
[Termination "Zurability won by resignation"]

1. d4 Nf6 2. c4 g6 3. Nc3 Bg7 4. e4 d6 5. Be2 O-O 6. Nf3 e5 7. Be3 Ng4 8. Bg5 f6 9. Bc1 Nh6 10. Be3 Ng4 11. Bc1 Nh6 12. O-O Nf7 13. Be3 Nc6 14.
h3 f5 15. dxe5 Nfxe5 16. exf5 Bxf5 17. Nxe5 Bxe5 18. Qd2 Qd7 19. f4 Bg7 20. Bf3 h5 21.
Rae1 Rfe8 22. Nd5 Be4 23. Bxe4 Rxe4 24. f5 gxf5 25. Bh6 Rae8 26. Rxe4 Rxe4 27. Qg5 Kh7 28.
Bxg7 Qxg7 29. Qxf5+ Qg6 30. Nf6+ Kg7 31. Qxg6+ 1-0

[Event "Early-Titled-Tuesday-Blitz-July-09-2024"]
[Site "Chess.com"]
[Date "2024.07.09"]
[Round "2"]
[White "Zavgorodniy_Sergiy"]
[Black "VladimirKramnik"]
[Result "0-1"]
[WhiteElo "2652"]
[BlackElo "2994"]
[TimeControl "180+1"]
[EndTime "8:15:26 PDT"]
[Termination "VladimirKramnik won by resignation"]

1. e4 c5 2. Nf3 d6 3. c3 Nf6 4.
Bc4 e6 5. Qe2 Be7 6. d4 cxd4 7.
cxd4 O-O 8. e5 Nd5 9. O-O b6 10. Nc3 Nxc3 11. bxc3 Nd7 12. exd6 Bxd6 13. Qe4 Qc7 14. Bd3 g6 15. Bd2 Bb7 16. Qg4 Bxf3 17. Qxf3 Bxh2+ 18. Kh1 Bd6 19. g3 Rac8 20. Kg2 Qd8 21.
a4 Qf6 22. Qxf6 Nxf6 23. c4 Rfd8 24. a5 Bf8 25. Be3 Ng4 26. axb6 axb6 27. Rfb1 e5 28. d5 Nxe3+ 29. fxe3 e4 30. Be2 Bc5 31. Kf2 Rd6 32. Ra7 Rf6+ 0-1

[Event "Early-Titled-Tuesday-Blitz-July-09-2024"]
[Site "Chess.com"]
[Date "2024.07.09"]
[Round "2"]
[White "A4RookA3"]
[Black "krstulov_alex"]
[Result "0-1"]
[WhiteElo "2395"]
[BlackElo "2658"]
[TimeControl "180+1"]
[EndTime "8:15:26 PDT"]
[Termination "krstulov_alex won by resignation"]

1. d4 Na6 2. e4 c6 3. c4 e5 4. Nf3 d6 5. dxe5 Bg4 6. Nc3 dxe5 7. Qxd8+ Rxd8 8. Nxe5 Nb4 9. Nxg4 Nc2+ 10. Ke2 Nxa1 11.
Ne3 Bc5 12. Ncd1 Nf6 13. f3 O-O 14. b3 a5 15. Bb2 Bd4 16. g3 a4 17. Bh3 axb3 18.
Bxd4 Rxd4 19. axb3 Nxb3 0-1

[Event "Early-Titled-Tuesday-Blitz-July-09-2024"]
[Site "Chess.com"]
[Date "2024.07.09"]
[Round "2"]
[White "Adar_07"]
[Black "zverr1"]
[Result "0-1"]
[WhiteElo "2761"]
[BlackElo "2564"]
[TimeControl "180+1"]
[EndTime "8:15:29 PDT"]
[Termination "zverr1 won by resignation"]

1. e4 c5 2. Nf3 g6 3. d4 cxd4 4. Nxd4 Nc6 5. c4 Nf6 6. Be3 Nxe4 7. Bd3 Nc5 8. Nxc6 Nxd3+ 9. Qxd3 dxc6 10. Qc3 f6 11. h4 Bg7 12. h5 Kf7 13. h6 Bf8 14.
Nd2 e5 15. O-O-O Qe7 16. Ne4 Qb4 17. Qc2 Be6 18. Rh4 Be7 19. a3 Qa5 20. f4 Rhd8 21. fxe5 Rxd1+ 22. Qxd1 Qxe5 23. Bd4 Qf5 24. Bxf6 Rd8 25. Qxd8 Bxd8 26. Nd6+ Kxf6 27. Nxf5 Bxf5 28. Rd4 Bb6 29. Rd1 Be3+ 0-1

[Event "Early-Titled-Tuesday-Blitz-July-09-2024"]
[Site "Chess.com"]
[Date "2024.07.09"]
[Round "2"]
[White "Silent-Killer100"]
[Black "mapleaff"]
[Result "1/2-1/2"]
[WhiteElo "2521"]
[BlackElo "2336"]
[TimeControl "180+1"]
[EndTime "8:15:31 PDT"]
[Termination "Game drawn by agreement"]

1. Nf3 Nf6 2. g3 g6 3. Bg2 Bg7 4. O-O O-O 5. d3 d5 6. c3 c5 7. Re1 Nc6 8. Qc2 Bg4 9. e4 dxe4 10. dxe4 e5 11. Be3 b6 12. Na3 Qc7 13. h3 Bxf3 14. Bxf3 a6 15. Rad1 Rfd8 16. Bg5 h6 17. Bxf6 Bxf6 18.
Nc4 b5 19. Ne3 Ne7 20. Nd5 Nxd5 21. exd5 Rd6 22. c4 Kg7 23. b3 b4 24. h4 h5 25. Re4 a5 26. Qe2 Re8 27. g4 hxg4 28.
Rxg4 Rh8 29. Qe4 Qe7 30. Re1 Rxh4 31. Rxh4 Bxh4 32. Qxe5+ Qxe5 33. Rxe5 Kf8 34. Kg2 Bf6 35. Re2 Rd7 36. Kg3 Re7 37. Be4 Be5+ 38. f4 Bd6 39.
Kf3 f5 40. Bd3 Rxe2 41. Bxe2 Kg7 42. Bd1 Kf6 43. Bc2 g5 44. fxg5+ Kxg5 1/2-1/2

[Event "Early-Titled-Tuesday-Blitz-July-09-2024"]
[Site "Chess.com"]
[Date "2024.07.09"]
[Round "2"]
[White "santig8"]
[Black "Alex_Banzea"]
[Result "0-1"]
[WhiteElo "2293"]
[BlackElo "2705"]
[TimeControl "180+1"]
[EndTime "8:15:33 PDT"]
[Termination "Alex_Banzea won by resignation"]

1. e4 c6 2. d4 d5 3. e5 c5 4. dxc5 Nc6 5. f4 Nh6 6. Be3 g5 7. Nf3 Nf5 8. Bf2 gxf4 9. c3 Bg7 10. Bb5 e6 11. O-O Bd7 12. b4 Nxe5 13. Bxd7+ Qxd7 14. Re1 Ng4 15. Bd4 Nge3 16. Rxe3 Nxe3 17. Qd3 Rg8 18. g3 Nf5 19. Bf2 fxg3 20. hxg3 Bf6 21. Kg2 Qc7 22.
Nd4 Bxd4 23. cxd4 h5 24. Nc3 h4 25. Nxd5 Qc6 0-1

[Event "Early-Titled-Tuesday-Blitz-July-09-2024"]
[Site "Chess.com"]
[Date "2024.07.09"]
[Round "2"]
[White "ferdipy"]
[Black "GilbertoHernandezAmura"]
[Result "0-1"]
[WhiteElo "2304"]
[BlackElo "2512"]
[TimeControl "180+1"]
[EndTime "8:15:33 PDT"]
[Termination "GilbertoHernandezAmura won by resignation"]

1. e4 e5 2. Nf3 Nc6 3. Bc4 Bc5 4. b4 Bxb4 5. c3 Ba5 6. d4 d6 7.
O-O Bb6 8. Ba3 Qe7 9. Qd3 Bg4 10. Nbd2 Nf6 11. Rfe1 O-O 12. h3 Bh5 13. dxe5 Nxe5 14.
Nxe5 Qxe5 15. Nf3 Qg3 16. Re3 Bxe3 17. Qxe3 Qg6 18. Nh4 Qxe4 19. Qg5 h6 20. Qg3 Qxc4 21. Nf5 Bg6 22. Ne7+ Kh7 0-1

[Event "Early-Titled-Tuesday-Blitz-July-09-2024"]
[Site "Chess.com"]
[Date "2024.07.09"]
[Round "2"]
[White "Mikasinski"]
[Black "elizabethcastaneda"]
[Result "1-0"]
[WhiteElo "2710"]
[BlackElo "2314"]
[TimeControl "180+1"]
[EndTime "8:15:34 PDT"]
[Termination "Mikasinski won by resignation"]

1. e4 c5 2. Nf3 d6 3. d4 cxd4 4. Nxd4 Nf6 5. Nc3 g6 6. Be3 Bg7 7. f3 O-O 8. Qd2 Nc6 9. O-O-O d5 10. Qe1 e5 11. Nxc6 bxc6 12. exd5 Nxd5 13. Bc4 Be6 14. Ne4 Qc7 15. Bc5 Rfd8 16. h4 Nf4 17. Bxe6 Nxe6 18. Bd6 Qb6 19. Qc3 Nd4 20. Rhe1 a5 21. Qc4 Rd7 22. Bc5 Qb8 23. c3 Bh6+ 24. Kb1 Rb7 25. cxd4 Rxb2+ 26. Ka1 Rxg2 27. Rb1 Qd8 28. Rb7 1-0

[Event "Early-Titled-Tuesday-Blitz-July-09-2024"]
[Site "Chess.com"]
[Date "2024.07.09"]
[Round "2"]
[White "Szachulec75"]
[Black "Gryffindorac8"]
[Result "0-1"]
[WhiteElo "2253"]
[BlackElo "2485"]
[TimeControl "180+1"]
[EndTime "8:15:37 PDT"]
[Termination "Gryffindorac8 won by resignation"]

1. Nf3 Nf6 2. g3 d5 3. Bg2 c5 4.
d3 Nc6 5. O-O g6 6. Nbd2 Bg7 7. e4 O-O 8. c3 e5 9. exd5 Nxd5 10.
Re1 Re8 11. a4 h6 12. Nc4 Qc7 13. Bd2 Bf5 14. Qc1 Bxd3 15. Bf1 Bxf1 16. Kxf1 Kh7 17. Re4 f5 18. Rh4 f4 19. Ng5+ Kg8 20. Ne4 g5 21.
Rh3 Qd7 22. Rh5 Qg4 23. Qd1 f3 24. Bxg5 Qxe4 25. Nd6 Qe2+ 26. Qxe2 fxe2+ 27. Kxe2 Re6 0-1

[Event "Early-Titled-Tuesday-Blitz-July-09-2024"]
[Site "Chess.com"]
[Date "2024.07.09"]
[Round "2"]
[White "SharathRk6"]
[Black "FLYD"]
[Result "1-0"]
[WhiteElo "2450"]
[BlackElo "2149"]
[TimeControl "180+1"]
[EndTime "8:15:39 PDT"]
[Termination "SharathRk6 won by checkmate"]

1. e4 e5 2. Nf3 Nf6 3. Nxe5 Nc6 4. Nxc6 dxc6 5. d3 Bc5 6. Be2 h5 7. h3 Qd4 8. Rf1 Be6 9. c3 Qd7 10. Be3 Bxe3 11. fxe3 O-O-O 12. Nd2 Qd6 13. Rf3 Bg4 14.
hxg4 hxg4 15. Rf4 Rh1+ 16. Nf1 g5 17. Rf2 g3 18. Rf5 Qe6 19. Qa4 b5 20. Qxa7 Nxe4 21.
dxe4 f6 22. Qa8+ Kd7 23. Rd1+ Qd6 24. Rxd6+ cxd6 25. Qb7+ Ke6 26. Bg4 Rxf1+ 27. Rxf1+ Ke5 28. Qe7# 1-0